 Dungeon Crawl Stone Soup version bcrawl-1.14 (webtiles) character file.

Game seed: 17158606589203090645

33 MisterOstroum the Poker (level 3, -2/29 HPs)
             Began as a Demonspawn Monk on Sept 7, 2019.
             Slain by an orc wizard
             ... wielding a +0 dagger
              (5 damage)
             ... on level 2 of the Dungeon.
             The game lasted 00:02:27 (1839 turns).

MisterOstroum the Poker (Demonspawn Monk)           Turns: 1839, Time: 00:02:28

Health: -2/29      AC:  2    Str: 11    XL:     3   Next: 12%
Magic:  0/5        EV: 16    Int: 11    God:
Gold:   69         SH:  0    Dex: 16    Spells: 2/2 levels left

rFire    . . .     SeeInvis .   a - +0 spear
rCold    . . .     Gourm    .   (no shield)
rNeg     . . .     Faith    .   b - +0 robe
rPois    .         Spirit   +   c - +0 hat
rElec    .         Reflect  .   (no cloak)
rCorr    .         Harm     .   (no gloves)
MR       .....                  (no boots)
Stlth    ++........             d - amulet of guardian spirit
HPRegen  0.09/turn              (no ring)
MPRegen  0.09/turn              (no ring)

@: no status effects
A: repulsion field 2
a: no special abilities


You were on level 2 of the Dungeon.
You were not hungry.

You visited 1 branch of the dungeon, and saw 2 of its levels.

You collected 69 gold pieces.

Inventory:

Hand Weapons
 a - a +0 spear (weapon)
 g - a +2 short sword of speed
Missiles
 h - 84 stones (quivered)
Armour
 b - a +0 robe (worn)
 c - a +0 hat (worn)
Jewellery
 d - an amulet of guardian spirit (around neck)
Scrolls
 i - 2 scrolls of remove curse {unknown}
 k - a scroll of teleportation {unknown}
Potions
 f - a potion of haste {unknown}
 j - a potion of invisibility {unknown}
Comestibles
 e - 3 rations {!d}
 l - 2 chunks of flesh


   Skills:
 - Level 3.0 Fighting
 + Level 3.9 Polearms
 - Level 2.6 Dodging
 - Level 2.0 Stealth
   Level 2.6 Invocations


You had 2 spell levels left.
You didn't know any spells.
Your spell library was empty.

Dungeon Overview and Level Annotations

Branches:
Dungeon (2/12)

Altars:


Innate Abilities, Weirdness & Mutations

You are surrounded by a moderate repulsion field. (EV +3)


Message History

You closely miss the orc.
The orc is almost dead.
The orc barely misses you.
You closely miss the orc.
The orc is almost dead.
The orc closely misses you.
You hit the orc.
You kill the orc!
Things that are here:
a +0 hand axe; an orc corpse You butcher the orc corpse.
l - 4 chunks of flesh
Things that are here:
a +0 hand axe; an orc skeleton Eating one of 4 chunks of flesh.
You eat one of the 4 chunks of flesh.
This raw flesh tastes terrible.
Magic restored.
There is a stone staircase leading down here.
You start resting.
Eating one of 3 chunks of flesh.
You eat one of the 3 chunks of flesh.
This raw flesh tastes terrible.
HP restored.
You climb downwards.
There is a stone staircase leading up here.
An orc is nearby!
An orc is nearby!
Attack whom?
Press: ? - help, Dir - move target cursor, f - orc
Aim: an orc, wielding a +0 hand axe (hasn't noticed you)
You reach to attack!
You hit the orc.
The orc is almost dead.
You hit the orc.
You kill the orc!
The orc wizard shouts!
A leopard gecko comes into view.
There are monsters nearby!
There are monsters nearby!
There are monsters nearby!
Throwing (i - inventory)
h - 85 stones (quivered)
Press: ? - help, Shift-Dir - straight line, f - orc wizard
Aim: an orc wizard, wielding a +0 dagger and wearing a cursed +0 robe You throw a stone.
The stone closely misses the orc wizard.
The leopard gecko hisses angrily.
You see here a +0 hand axe.
There is a stone staircase leading up here.
Found 97 stones.
A hobgoblin comes into view. It is wielding a +0 club.
The hobgoblin shouts!
You hear a shout!
You completely miss the hobgoblin. You hit the hobgoblin.
The hobgoblin is moderately wounded.
The hobgoblin misses you. The hobgoblin barely misses you.
You closely miss the orc wizard. The hobgoblin hits you with a +0 club.
The orc wizard completely misses you.
You hit the orc wizard.
The orc wizard is moderately wounded.
The leopard gecko misses you. The hobgoblin closely misses you.
You hit the orc wizard but do no damage.
The orc wizard is moderately wounded.
The orc wizard closely misses you. The leopard gecko closely misses you.
A kobold comes into view. It is wielding a +5 short sword.
The hobgoblin barely misses you.
You barely miss the orc wizard.
The orc wizard is moderately wounded.
The orc wizard hits you with a +0 dagger.
The leopard gecko bites you.
You hit the orc wizard but do no damage.
The orc wizard is moderately wounded.
The kobold misses you. The hobgoblin closely misses you.
The orc wizard points at you and mumbles some strange words.
The magic dart hits you! The leopard gecko barely misses you.
You closely miss the orc wizard.
The orc wizard is moderately wounded.
The kobold hits you with a +5 short sword.
The leopard gecko bites you. The hobgoblin misses you.
The orc wizard completely misses you.
You barely miss the orc wizard.
The orc wizard is moderately wounded.
The leopard gecko barely misses you. The kobold hits you but does no damage.
The orc wizard hits you with a +0 dagger.
The hobgoblin hits you with a +0 club.
* * * LOW HITPOINT WARNING * * *
You hit the orc wizard.
The orc wizard is severely wounded.
The leopard gecko completely misses you.
The kobold hits you with a +5 short sword.
* * * LOW HITPOINT WARNING * * *
The orc wizard closely misses you. The hobgoblin completely misses you.
You hit the orc wizard.
The orc wizard is almost dead.
The leopard gecko misses you. The kobold misses you.
The orc wizard gestures wildly while chanting.
The orc wizard flickers and vanishes!
Deactivating autopickup; reactivate with Ctrl-A.
The hobgoblin barely misses you. The leopard gecko bites you.
* * * LOW HITPOINT WARNING * * *
You closely miss something. The kobold misses you. Something hits you.
You die...

....###.#
...##...#
...##.###
#.....#
#.##..#
#.##(.
#.)#.#
##{#l###
#.@g..#
###K..#
....#
..###
#... #...
#.###


You could see a leopard gecko, a hobgoblin and a kobold.

Vanquished Creatures
  A dart slug (D:1)
  A leopard gecko (D:1)
  3 orcs
  A bat (D:1)
  A giant cockroach (D:1)
  3 goblins (D:1)
  4 hobgoblins (D:1)
  A frilled lizard (D:2)
  6 kobolds (D:1)
  5 rats
26 creatures vanquished.

Notes
Turn   | Place    | Note
-------+----------+-------------------------------------------
     0 | D:1      | MisterOstroum the Demonspawn Monk began the quest for the
                  | Orb.
     0 | D:1      | Reached XP level 1. HP: 18/18 MP: 2/2
   312 | D:1      | Gained mutation: You are surrounded by a mild repulsion
                  | field. (EV +2) [demonic ancestry]
   312 | D:1      | Reached XP level 2. HP: 16/24 MP: 0/4
   344 | D:1      | HP: 1/24 [kobold/+2 short sword of speed (1)]
  1634 | D:2      | Gained mutation: You are surrounded by a moderate repulsion
                  | field. (EV +3) [demonic ancestry]
  1634 | D:2      | Reached XP level 3. HP: 23/29 MP: 5/5
  1839 | D:2      | Slain by an orc wizard

Skill      XL: |  1 |
---------------+----+-----
Polearms       | 3 |  3.9
Fighting       | |  3.0
Dodging        | |  2.6
Stealth        | |  2.0
Invocations    | |  2.6

Action                   || total
-------------------------++-------
Melee: Spear             ||   120
Throw: Stone             ||    36
 Stab: Sleeping          ||     1
  Eat: Chunk             ||     3
Armor: Robe              ||     6
Dodge: Dodged            ||    72
